 Dungeon Crawl Stone Soup version 0.15.1-3-g1b33baa (webtiles) character file.

1161 Kex the Covered (level 8, -2/50 HPs)
             Began as a Gargoyle Fighter on Oct 5, 2014.
             Was a Believer of Cheibriados.
             Slain by Prince Ribbit (6 damage)
             ... on Level 6 of the Dungeon.
             The game lasted 00:21:48 (6274 turns).

Kex the Covered (Gargoyle Fighter)                  Turns: 6274, Time: 00:21:49

HP  -2/50        AC 14     Str 27      XL: 8   Next: 39%
MP   7/9         EV  7     Int 13      God: Cheibriados [**....]
Gold 76          SH 11     Dex 15      Spells:  0 memorised,  7 levels left

rFire  . . .     SeeInvis .     a - +2 flail
rCold  . . .     Clarity  .     b - +0 scale mail
rNeg   + + .     rCorr    .     c - +0 shield
rPois  +         rRot     +     u - +0 helmet
rElec  +         Spirit   .     (no cloak)
SustAb .         Warding  .     (no gloves)
rMut   .         Stasis   .     (no boots)
Gourm  .                        (no amulet)
MR     .....                    (no ring)
                                j - ring of positive energy

@: very slightly contaminated, very slow, not resistant to hostile enchantments,
extremely unstealthy
A: negative energy resistance 1, electricity resistance, unbreathing,
petrification resistance, rot immunity, AC +5
a: Bend Time, Renounce Religion


You were on level 6 of the Dungeon.
You worshipped Cheibriados.
Cheibriados was pleased with you.
You were hungry.

You visited 1 branch of the dungeon, and saw 6 of its levels.

You collected 371 gold pieces.
You spent 295 gold pieces at shops.

Inventory:

Hand weapons
 a - a +2 flail (weapon)
Armour
 b - a +0 scale mail (worn)
 c - a +0 shield (worn)
 u - a +0 helmet (worn)
Magical devices
 v - a wand of digging (7)
Comestibles
 d - 6 bread rations
 k - 8 fruits
 n - 2 meat rations
 p - 2 slices of pizza
 A - a rotting chunk of hobgoblin flesh
 D - a beef jerky
Scrolls
 g - 2 scrolls of immolation {unknown}
 h - a scroll of recharging {unknown}
 l - 2 scrolls of remove curse
 m - a scroll of fog
 q - 2 scrolls of magic mapping {unknown}
 s - 2 scrolls of noise {unknown}
 t - 4 scrolls of identify {unknown}
Jewellery
 f - the cursed amulet of the Scavenger {rCorr rPois, unknown}
   (You found it on level 4 of the Dungeon)

   [amulet of resist corrosion]

   It protects you from acid and corrosion.
   It protects you from poison.
   It has a curse placed upon it.
 j - a ring of positive energy (left hand)
 y - a cursed amulet of faith {unknown}
Potions
 e - a potion of invisibility {unknown}
 i - a potion of haste {unknown}
 w - a potion of lignification {unknown}
 x - a potion of brilliance
 z - a potion of magic {unknown}
 B - a potion of restore abilities {unknown}


   Skills:
 + Level 5.4 Fighting
 + Level 4.6 Maces & Flails
 + Level 5.9 Armour
 + Level 3.6 Dodging
 + Level 5.5 Shields
 + Level 1.2 Invocations


You had 7 spell levels left.
You didn't know any spells.

Dungeon Overview and Level Annotations

Branches:
Dungeon (6/15)
 Temple: D:4-7

Altars:
Cheibriados
Kikubaaqudgha
Nemelex Xobeh
Yredelemnul

Shops:
D:4 *%:   D:6 *

Annotations:
D:6 Prince Ribbit


Innate Abilities, Weirdness & Mutations

You are resistant to torment.
You are immune to poison.
Your stone body is very resilient (AC +5).
You resist negative energy.
You are resistant to electric shocks.
You can survive without breathing.
You are immune to petrification.
You are immune to rotting.


Message History

Blink to where?
Press: ? - help, Dir - move target cursor
As you read the scroll of blinking, it crumbles to dust.
You are very lightly contaminated with residual magic.
Drink which item? (? for menu, Esc to quit)
Okay, then.
Read which item? (? for menu, Esc to quit)
As you read the scroll labeled ZEKID SHAOHI, it crumbles to dust.
You feel blessed for a moment.
It was a scroll of remove curse.
Prince Ribbit is no longer moving slowly.
Prince Ribbit blinks!
You are too injured to fight recklessly!
You hit Prince Ribbit.
Prince Ribbit is heavily wounded.
Prince Ribbit closely misses you.
Use which ability? (? or * to list)
You fail to use your ability.
Prince Ribbit hits you.
* * * LOW HITPOINT WARNING * * *
Prince Ribbit blinks!
Prince Ribbit hits you.
You die...

.# ###....##.......##
...... ..
##..P.#........## ......
..##
##PP....PP.....####.....
#..##
#P.............P##......
#.P#
#........................
#..##
.P..#####PP........##.....
##..#.PP.#
#...........P.#.###
#......#
#.F........#...#..#
##*...##
#.@........#..P#...
.##....##
##.....#...#########
.......# #....####.## #
.......# #....# #..#
.......## ##...## #.##
.......P### #....# #..#
##........###....# #..#
#....##.........# #..#
#...####.......# #..#


You could see Prince Ribbit.

Vanquished Creatures
  A sky beast (D:4)
  An orc warrior (D:6)
  3 ogres (D:6)
  A big kobold (D:6)
  A giant frog (D:6)
  3 killer bees (D:4)
  A wight (D:6)
  3 hounds
  A jelly (D:6)
  An orc priest (D:6)
  An iguana (D:6)
  2 worker ants (D:5)
  An orc wizard (D:6)
  A crocodile skeleton (D:6)
  A mummy (D:6)
  3 adders
  A worm (D:4)
  An adder zombie (D:5)
  4 giant geckos
  An ooze (D:1)
  7 orcs
  13 bats
  A bat zombie (D:5)
  11 hobgoblins
  5 jackals
  3 quokkas
  2 ball pythons
  10 giant cockroaches
  3 giant newts
  2 giant spores (D:6)
  13 goblins
  A hobgoblin zombie (D:6)
  16 kobolds
  An orc skeleton (D:6)
  8 rats
  2 rat zombies
  16 ballistomycetes (D:6)
146 creatures vanquished.

Vanquished Creatures (others)
  A giant frog (D:6)
  An orc wizard (D:6)
  An orc (D:6)
  14 giant spores (D:6)
  2 ballistomycetes (D:6)
19 creatures vanquished.

Grand Total: 165 creatures vanquished

Notes
Turn   | Place    | Note
--------------------------------------------------------------
     0 | D:1      | Kex, the Gargoyle Fighter, began the quest for the Orb.
     0 | D:1      | Reached XP level 1. HP: 14/14 MP: 1/1
   192 | D:1      | Reached XP level 2. HP: 18/20 MP: 2/2
   497 | D:1      | Reached skill level 4 in Fighting
   497 | D:1      | Reached XP level 3. HP: 22/24 MP: 3/3
   877 | D:2      | Found a basalt altar of Yredelemnul.
  1622 | D:3      | Reached XP level 4. HP: 29/29 MP: 4/4
  1635 | D:3      | Reached skill level 1 in Dodging
  1837 | D:3      | Found a sparkling altar of Nemelex Xobeh.
  2036 | D:4      | Found Crobb's Book Emporium.
  2037 | D:4      | Found a snail-covered altar of Cheibriados.
  2046 | D:4      | Found Boimmole's Food Emporium.
  2090 | D:4      | Found Biostimiysch's Assorted Antiques.
  2135 | D:4      | Bought a steaming morningstar for 198 gold pieces
  2136 | D:4      | Identified the cursed -2 morningstar of Insomnia {flame, MR+ Str+2} (You bought it in a shop on level 4 of the Dungeon)
  2155 | D:4      | Got a crude crystal amulet
  2267 | D:4      | Reached XP level 5. HP: 28/33 MP: 5/5
  2398 | D:4      | Noticed a sky beast
  2425 | D:4      | Killed a sky beast
  2425 | D:4      | Reached XP level 6. HP: 20/39 MP: 6/6
  2595 | D:4      | Became a worshipper of Cheibriados the Contemplative
  2754 | D:5      | Entered Level 5 of the Dungeon
  2842 | D:5      | Found an ancient bone altar of Kikubaaqudgha.
  3143 | D:5      | Reached XP level 7. HP: 40/44 MP: 7/7
  3470 | D:6      | Found Hanup's General Store.
  3504 | D:6      | Bought a scroll of enchant weapon for 97 gold pieces
  3611 | D:6      | Reached skill level 5 in Fighting
  3611 | D:6      | Reached skill level 5 in Armour
  3611 | D:6      | Reached skill level 5 in Shields
  4495 | D:6      | Reached XP level 8. HP: 49/49 MP: 8/8
  5704 | D:6      | Noticed Prince Ribbit
  6028 | D:6      | Reached skill level 1 in Invocations
  6274 | D:6      | Slain by Prince Ribbit

Action                   |  1- 3 |  4- 6 |  7- 9 || total
-------------------------+-------+-------+-------++-------
Melee: Flail             |   187 |   170 |   269 ||   626
Invok: Bend Time         |       |       |     3 ||     3
Evoke: Wand              |       |       |     1 ||     1
  Use: Scroll            |       |     5 |     9 ||    14
       Potion            |       |     4 |     2 ||     6
  Eat: Chunk             |     2 |     6 |     7 ||    15
